 Dungeon Crawl Stone Soup version 0.23.2-40-g277498a001 (webtiles) character file.

Game seed: 15448033560158078635

3377 H0rd4k the Thaumaturge (level 9, -5/46 HPs)
             Began as a Deep Elf Wizard on Sept 26, 2019.
             Was a Follower of Sif Muna.
             Killed by the air
             ... invoked by Gastronok
              (24 damage)
             ... on level 8 of the Dungeon.
             The game lasted 00:25:30 (9576 turns).

H0rd4k the Thaumaturge (Deep Elf Wizard)            Turns: 9576, Time: 00:25:30

Health: -5/46      AC:  3    Str:  4    XL:     9   Next: 74%
Magic:  8/27       EV: 14    Int: 29    God:    Sif Muna [*.....]
Gold:   378        SH:  4    Dex: 15    Spells: 23/33 levels left

rFire    + . .     SeeInvis .   (no weapon)
rCold    + . .     Gourm    .   (no shield)
rNeg     . . .     Faith    .   E - +1 robe "Fackoet" {*Slow MR+ Int+2}
rPois    .         Spirit   .   b - +0 hat
rElec    .         Reflect  +   I - scarf {rC+ rF+}
rCorr    .         Harm     .   (no gloves)
MR       +....                  (no boots)
Stlth    +++.......             t - +4 amulet of reflection
HPRegen  0.15/turn              i - +2 ring of dexterity
MPRegen  0.20/turn              (no ring)

@: no status effects
A: no striking features
a: Divine Energy, Renounce Religion


You were on level 8 of the Dungeon.
You worshipped Sif Muna.
Sif Muna was aware of your devotion.
You were not hungry.

You visited 2 branches of the dungeon, and saw 9 of its levels.

You collected 378 gold pieces.

Inventory:

Hand Weapons
 q - a +0 blowgun
Missiles
 c - 8 tomahawks (quivered)
 r - 25 poisoned needles
 J - 2 throwing nets
 O - 4 javelins
Armour
 b - a +0 hat (worn)
 E - the +1 robe "Fackoet" (worn) {*Slow MR+ Int+2}
   (You found it on level 6 of the Dungeon)

   It affects your intelligence (+2).
   It affects your resistance to hostile enchantments.
   It may slow you when you take damage.
 I - a scarf of resistance (worn)
 L - a +2 helmet
Jewellery
 i - a +2 ring of dexterity (left hand)
 t - a +4 amulet of reflection (around neck)
 H - the ring "Esaucab" {rC- rN++ Int+6 SInv Stlth+}
   (You took it off an orc on level 7 of the Dungeon)

   [ring of see invisible]

   It affects your intelligence (+6).
   It makes you vulnerable to cold.
   It greatly protects you from negative energy.
   It lets you see invisible.
   It makes you more stealthy.
Wands
 z - a wand of acid (8)
 B - a wand of polymorph (8)
 M - a wand of iceblast (15)
Scrolls
 a - a scroll of brand weapon {unknown}
 e - 7 scrolls of identify {unknown}
 j - 2 scrolls of random uselessness {unknown}
 l - a scroll of amnesia
 p - 2 scrolls of magic mapping
 s - 3 scrolls of remove curse
 v - a scroll of fear {unknown}
 x - 2 scrolls of teleportation {unknown}
 y - 3 scrolls of immolation {unknown}
 A - a scroll of enchant weapon {unknown}
 D - 3 scrolls of enchant armour {unknown}
 N - a scroll of blinking {unknown}
Potions
 f - 5 potions of heal wounds
 g - 2 potions of resistance {unknown}
 h - 5 potions of curing {unknown}
 k - 2 potions of mutation {unknown}
 m - 2 potions of magic {unknown}
 n - 2 potions of haste {unknown}
 o - a potion of invisibility {unknown}
 u - a potion of degeneration {unknown}
 w - 2 potions of lignification {unknown}
 C - a potion of ambrosia {unknown}
 F - a potion of flight {unknown}
 G - a potion of might
Comestibles
 d - 17 rations
 K - a chunk of flesh


   Skills:
 + Level 0.9 Fighting
 + Level 3.8 Dodging
 + Level 4.5 Stealth
 + Level 12.9 Spellcasting
 + Level 8.2 Conjurations
   Level 1.1 Summonings
 + Level 4.5 Translocations
 + Level 2.8 Fire Magic


You had 23 spell levels left.
You knew the following spells:

 Your Spells              Type           Power        Failure   Level  Hunger
a - Magic Dart            Conj           ####         1%          1    None
b - Blink                 Tloc           N/A          1%          2    None
c - Conjure Flame         Conj/Fire      ######..     1%          3    None
d - Confusing Touch       Hex            ###...       2%          1    None
e - Gell's Gravitas       Tloc           #####.....   1%          3    None

Your spell library contained the following spells:

 Spells                   Type           Power        Failure   Level  Hunger
 Call Imp                 Summ           ####....     2%          2    None
 Mephitic Cloud           Conj/Pois/Air  ####....     2%          3    None
 Slow                     Hex            ###.....     4%          2    None
 Confuse                  Hex            ###.....     9%          3    None
 Cause Fear               Hex            ###.......   28%         4    None
 Petrify                  Tmut/Erth      ###.....     28%         4    None
 Metabolic Englaciation   Hex/Ice        ###.......   61%         5    ##.....
 Silence                  Hex/Air        ###.......   61%         5    ##.....
 Yara's Violent Unravell  Hex/Tmut       ###.......   61%         5    ##.....
 Deflect Missiles         Chrm/Air       ###.......   99%         6    ####...
 Discord                  Hex            ###.......   100%        8    #######


Dungeon Overview and Level Annotations

Branches:
Dungeon (8/15)             Temple (1/1) D:5            Lair (0/6) D:8

Altars:
Ashenzari
Cheibriados
Dithmenos
Elyvilon
Fedhas
Gozag
Hepliaklqana
Kikubaaqudgha
Makhleb
Nemelex Xobeh
Okawaru
Qazlal
Sif Muna
Trog
Uskayaw
Vehumet
Wu Jian
Xom
Yredelemnul
Zin
The Shining One

Annotations:
D:2 exclusion: downstairs
D:4 exclusion: 2 downstairs
D:5 exclusion: downstairs
D:6 exclusion: downstairs
D:7 exclusion: downstairs
D:8 exclusion: 2 slime creatures, Gastronok


Message History

Casting: Conjure Flame (safe; 1% risk of failure)
Confirm with . or Enter, or press ? or * to list all spells.
Aiming: Conjure Flame (safe; 1% risk of failure)
Press: ? - help, Dir - move target cursor The fire ignites!
Gastronok is engulfed in blazing flames.
Casting: Conjure Flame (safe; 1% risk of failure)
Confirm with . or Enter, or press ? or * to list all spells.
Aiming: Conjure Flame (safe; 1% risk of failure)
Press: ? - help, Dir - move target cursor The fire ignites!
Casting: Conjure Flame (safe; 1% risk of failure)
Confirm with . or Enter, or press ? or * to list all spells.
Aiming: Conjure Flame (safe; 1% risk of failure)
Press: ? - help, Dir - move target cursor The fire ignites!
Gastronok waves his eye-stalks in wide circles.
The air twists around and strikes you!
Ouch! That really hurt!
You die...

###..[..### .[
#.#..w#####...
########.............
#...[...)..#....<....
#[##########.........
#.# ########.........
###.# #.§ww†...........
#########
#...###.######.........
........###.####@.#
#.....$...
........##..# #.##
##..######
...........## ...# #.#
.................. .#
........####...... .#
........# ########
........# ..<.....#
#########


You could see Gastronok.

Vanquished Creatures
  Grinder (D:4)
  Sigmund (D:4)
  3 wargs (D:8)
  3 sky beasts
  2 ice beasts
  4 ogres (D:7)
  A phantom (D:5)
  A black bear (D:7)
  A necrophage (D:6)
  An eye of draining (D:8)
  A centaur (D:7)
  A big kobold (D:8)
  3 bullfrogs
  3 scorpions
  2 howler monkeys
  2 crimson imps
  A bullfrog zombie (D:6)
  A bullfrog skeleton (D:6)
  3 hounds
  6 orc priests
  3 jellies
  An iguana (D:8)
  Ijyb (D:3)
  5 worker ants
  2 hound zombies
  A hound skeleton (D:6)
  A worker ant zombie (D:5)
  13 adders
  3 shadow imps
  2 oozes (D:3)
  An adder skeleton (D:7)
  3 dart slugs
  5 leopard geckos
  16 orcs
  9 giant cockroaches
  4 goblins
  7 hobgoblins
  24 jackals
  2 quokkas (D:4)
  2 ball pythons
  5 bats
  A frilled lizard (D:2)
  A jackal zombie (D:6)
  5 kobolds
  A quokka skeleton (D:5)
  6 rats
165 creatures vanquished.

Vanquished Creatures (others)
  5 dream sheep (D:4)
  A quokka (D:7)
6 creatures vanquished.

Grand Total: 171 creatures vanquished

Notes
Turn   | Place    | Note
-------+----------+-------------------------------------------
     0 | D:1      | H0rd4k the Deep Elf Wizard began the quest for the Orb.
     0 | D:1      | Reached XP level 1. HP: 10/10 MP: 7/7
   229 | D:1      | Reached XP level 2. HP: 15/15 MP: 2/9
   244 | D:1      | Reached skill level 5 in Spellcasting
   888 | D:2      | Reached XP level 3. HP: 18/19 MP: 3/12
  1576 | D:3      | Found a glowing golden altar of the Shining One.
  1629 | D:3      | Reached XP level 4. HP: 20/24 MP: 3/13
  1707 | D:3      | Reached skill level 6 in Spellcasting
  1937 | D:3      | Found a hide-covered altar of Uskayaw.
  2157 | D:3      | Found a burning altar of Makhleb.
  2623 | D:4      | Reached XP level 5. HP: 28/28 MP: 10/16
  2670 | D:4      | Reached skill level 7 in Spellcasting
  2727 | D:4      | Learned a level 2 spell: Blink
  2731 | D:4      | Learned a level 3 spell: Conjure Flame
  2990 | D:4      | Noticed Sigmund
  3048 | D:4      | Noticed Ijyb
  3656 | D:4      | Noticed a dream sheep
  3656 | D:4      | Noticed a dream sheep
  3656 | D:4      | Noticed a dream sheep
  3656 | D:4      | Noticed a dream sheep
  3656 | D:4      | Noticed a dream sheep
  3656 | D:4      | Found a shimmering altar of Xom.
  3661 | D:4      | Killed a dream sheep
  3661 | D:4      | Killed a dream sheep
  3661 | D:4      | Killed a dream sheep
  3662 | D:4      | Killed a dream sheep
  3662 | D:4      | Killed a dream sheep
  3745 | D:4      | Noticed Grinder
  3761 | D:4      | Paralysed by Grinder for 6 turns
  3769 | D:4      | Paralysed by Grinder for 5 turns
  3777 | D:4      | Killed Grinder
  3777 | D:4      | Reached skill level 8 in Spellcasting
  3777 | D:4      | Reached XP level 6. HP: 33/33 MP: 6/19
  3933 | D:4      | Found an opulent altar of Gozag.
  4177 | D:4      | Found a glowing silver altar of Zin.
  4418 | D:5      | Entered Level 5 of the Dungeon
  4467 | D:4      | Reached XP level 7. HP: 17/37 MP: 8/21
  4889 | D:5      | Found a staircase to the Ecumenical Temple.
  4951 | D:5      | Reached skill level 5 in Conjurations
  5073 | Temple   | Entered the Ecumenical Temple
  5200 | D:5      | Reached skill level 9 in Spellcasting
  5700 | D:5      | Reached skill level 1 in Fire Magic
  5700 | D:5      | Reached XP level 8. HP: 31/42 MP: 12/23
  5866 | D:5      | Learned a level 1 spell: Confusing Touch
  5870 | D:5      | Learned a level 3 spell: Gell's Gravitas
  5983 | D:6      | Reached skill level 10 in Spellcasting
  6062 | D:6      | Found a shattered altar of Ashenzari.
  6150 | D:6      | Found a shadowy altar of Dithmenos.
  6159 | D:6      | Got a brightly glowing robe
  6184 | D:6      | Identified the +1 robe "Fackoet" {*Slow MR+ Int+2} (You
                  | found it on level 6 of the Dungeon)
  6796 | D:7      | Reached skill level 11 in Spellcasting
  6948 | D:7      | Found an ancient bone altar of Kikubaaqudgha.
  6964 | D:7      | Identified the ring "Esaucab" {rC- rN++ Int+6 SInv Stlth+}
  7102 | D:7      | Found a deep blue altar of Sif Muna.
  7108 | D:7      | Became a worshipper of Sif Muna the Loreminder
  7131 | D:7      | Reached XP level 9. HP: 46/46 MP: 15/26
  7297 | D:7      | Found a blossoming altar of Fedhas.
  8019 | D:8      | Reached skill level 12 in Spellcasting
  8237 | D:8      | Reached * piety under Sif Muna
  8337 | D:8      | Noticed Gastronok
  8667 | D:3      | Killed Ijyb
  8863 | D:4      | Killed Sigmund
  9274 | D:8      | Found a staircase to the Lair.
  9576 | D:8      | Killed from afar by Gastronok

Skill      XL: |  1  2  3  4  5  6  7  8  9 |
---------------+----------------------------+-----
Spellcasting   | 5 6 8 9 11 12 | 12.9
Conjurations   | 2 4 5 7 8 |  8.2
Stealth        | 3 4 |  4.5
Dodging        | 3 |  3.8
Fire Magic     | 1 2 |  2.8
Translocations | 2 4 |  4.5
Fighting       | |  0.9
Summonings     | |  1.1

Action                   |  1- 3 |  4- 6 |  7- 9 || total
-------------------------+-------+-------+-------++-------
 Cast: Magic Dart        |    96 |   188 |   296 ||   580
       Conjure Flame     |       |     4 |    44 ||    48
       Blink             |       |     3 |     8 ||    11
       Gell's Gravitas   |       |       |    23 ||    23
  Use: Scroll            |       |       |     3 ||     3
       Potion            |       |       |     1 ||     1
  Eat: Chunk             |     1 |     8 |    10 ||    19
       Ration            |       |       |     2 ||     2
Armor: Robe              |     1 |     7 |     6 ||    14
Dodge: Dodged            |    14 |    31 |    60 ||   105
Block: Other             |       |     2 |     8 ||    10
